 Dungeon Crawl Stone Soup version 0.30-a0-613-gdd512c7efb (webtiles) character file.

Game seed: 7608744397755908803

312 timneilson the Shield-Bearer (level 6, -6/38 HPs)
             Began as a Gargoyle Fighter on Jan 9, 2023.
             Mangled by a mummy (14 damage)
             ... in an ossuary.
             The game lasted 00:02:54 (1742 turns).

timneilson the Shield-Bearer (Gargoyle Fighter)     Turns: 1742, Time: 00:02:54

Health: -6/38      AC: 14    Str: 21    XL:     6   Next: 42%
Magic:  6/6        EV:  7    Int:  9    God:
Gold:   117        SH:  4    Dex:  9    Spells: 5/5 levels left

rFire   + . .      SeeInvis .    a - +1 long sword
rCold   + . .      Faith    .    c - +0 buckler
rNeg    + . .      Spirit   .    p - +0 chain mail
rPois   ∞          Reflect  .    (no helmet)
rElec   +          Harm     .    h - scarf {rC+ rF+}
rCorr   .          Rampage  .    (no gloves)
Will    .....                    (no boots) Stlth
                                 (no amulet)
HPRegen 0.26/turn                (no ring)
MPRegen 0.10/turn                (no ring)

@: no status effects
A: sickness immunity, AC +4, negative energy resistance 1, electricity
resistance, torment resistance 1, petrification resistance
a: no special abilities


You were in an ossuary.
You visited 1 branch of the dungeon, and saw 4 of its levels.
You also visited: Ossuary.

You collected 117 gold pieces.

Inventory:

Hand Weapons
 a - a +1 long sword (weapon)
Armour
 c - a +0 buckler (worn)
 h - a scarf of resistance (worn)
 p - a +0 chain mail (worn)
Scrolls
 i - a scroll of magic mapping
Potions
 d - a potion of might
 e - 3 potions of magic
 g - 2 potions of curing
 k - a potion of haste {unknown}
 l - a potion of mutation {unknown}
 o - a potion of invisibility {unknown}


   Skills:
 + Level 4.0 Fighting
 * Level 3.4 Long Blades
 * Level 4.7 Armour
 + Level 1.3 Dodging
 * Level 4.7 Shields


You had 5 spell levels left.
You didn't know any spells.
Your spell library contained the following spells:

 Spells                   Type           Power      Damage    Failure   Level
 Beastly Appendage        Tmut           0%         N/A       99%         1
 Wereblood                Tmut           0%         N/A       100%        2
 Spider Form              Tmut/Pois      0%         N/A       100%        3


Dungeon Overview and Level Annotations

Branches:
Dungeon (3/15)            Ossuary (1/1)

Altars:


Innate Abilities, Weirdness & Mutations

You are immune to sickness and miasma.
Your stone body is resilient. (AC +4)
You are immune to poison.
You resist negative energy. (rN+)
You are resistant to electric shocks. (rElec)
You are resistant to unholy torment.
You are immune to petrification.


Message History

The mummy barely misses you. You block the mummy's attack.
You hit the mummy.
You destroy the mummy!
You hit the mummy.
The mummy is moderately damaged.
The mummy hits you!
You are too injured to fight recklessly!
You are too injured to fight recklessly!
You are too injured to fight recklessly!
You are too injured to fight recklessly!
You are too injured to fight recklessly!
You are too injured to fight recklessly!
You are too injured to fight recklessly!
You are too injured to fight recklessly!
You are too injured to fight recklessly!
You are too injured to fight recklessly!
You are too injured to fight recklessly!
You are too injured to fight recklessly!
You are too injured to fight recklessly!
You are too injured to fight recklessly!
You are too injured to fight recklessly!
You are too injured to fight recklessly!
You are too injured to fight recklessly!
You are too injured to fight recklessly!
You hit the mummy but do no damage.
The mummy is moderately damaged.
The mummy hits you.
You hit the mummy.
The mummy is moderately damaged.
The mummy closely misses you.
You barely miss the mummy.
The mummy is moderately damaged.
You hit the mummy.
The mummy is severely damaged.
The mummy hits you.
* * * LOW HITPOINT WARNING * * *
You hit the mummy but do no damage.
The mummy is severely damaged.
The mummy hits you!
You die...

##### ##### #######
#...#...#!?!?#...#..
#..@M.∩.+?![!#.∩.'..
#...#...#!??!#...#..
#...# ##### #####..
#...# #.. #'### #'#
#...# #.. #...# #..
#...# #.. #...# #..


You could see a mummy.

Vanquished Creatures
  4 water moccasin zombies (Ossuary)
  A mummy (Ossuary)
  2 adders (D:2)
  2 adder zombies (Ossuary)
  4 bats (D:1)
  3 endoplasms
  2 giant cockroaches (D:1)
  3 goblins
  4 jackals (D:2)
  4 quokkas
  2 frilled lizards (D:1)
  9 gnoll zombies (Ossuary)
  3 hobgoblin zombies (Ossuary)
  3 kobolds
  5 kobold zombies (Ossuary)
  6 orc zombies (Ossuary)
  10 rats
67 creatures vanquished.

Notes
Turn   | Place    | Note
-------+----------+-------------------------------------------
     0 | D:1      | timneilson the Gargoyle Fighter began the quest for the
                  | Orb.
     0 | D:1      | Reached XP level 1. HP: 14/14 MP: 1/1
   134 | D:1      | Reached XP level 2. HP: 18/19 MP: 2/2
   579 | D:2      | Reached XP level 3. HP: 22/23 MP: 3/3
  1359 | D:3      | You fall into a shaft and drop 1 floor!
  1366 | D:4      | Found a sand-covered staircase.
  1376 | Ossuary  | Entered an ossuary
  1382 | Ossuary  | Reached XP level 4. HP: 28/28 MP: 4/4
  1433 | Ossuary  | Reached XP level 5. HP: 15/33 MP: 5/5
  1526 | Ossuary  | Reached skill level 1 in Dodging
  1618 | Ossuary  | Reached XP level 6. HP: 31/38 MP: 6/6
  1742 | Ossuary  | Mangled by a mummy

Illustrated notes

Levels and vault maps discovered:
D:1:      minmay_arrival_wavy_path, layout_rooms, minivault_23,
          wad_floor_pattern_1, item_on_display_a
D:2:      layout_loops_ring
D:3:      layout_rooms, basic_ecumenical_altar, serial_shops,
          nicolae_shop_trees, minivault_19, grunt_decor_one_mirror,
          minmay_starry_boxes
D:4:      layout_gridville, old_standard_altar, gammafunk_ghost_split,
          lightli_ossuary_entry_decrepit_ruins, grunt_ministairs_15,
          serial_bayou_pond_d, minmay_circle_x
Ossuary:  ossuary_tomb_2

Skill      XL: |  1  2  3  4  5 |
---------------+----------------+-----
Long Blades    | 2 3 |  3.4
Armour         | 4 |  4.7
Shields        | 4 |  4.7
Dodging        | 1 |  1.3
Fighting       | 4 |  4.0

Action                   |  1- 3 |  4- 6 || total
-------------------------+-------+-------++-------
Melee: Long sword        |   139 |   187 ||   326
  Use: Scroll            |     6 |       ||     6
Armor: Scale mail        |    89 |       ||    89
       Chain mail        |     3 |   103 ||   106
Dodge: Dodged            |    83 |    47 ||   130
Block: Buckler           |    34 |    37 ||    71

Table legend: (Time is in decaauts)
 A = Elapsed time spent in this place.
 B = Non-inter-level travel time spent in this place.
 C = Inter-level travel time spent in this place.
 D = Time resting spent in this place.
 E = Time spent auto-exploring this place.
 F = Levels seen in this place.
 G = Mean time per level.
                   A        B        C        D        E       F      G
               +--------+--------+--------+--------+--------+-----+--------+
         Total |   1840 |   1810 |     30 |     18 |   1184 |   5 |  368.0 |
       Dungeon |   1419 |   1389 |     30 |     18 |   1031 |   4 |  354.8 |
       Ossuary |    421 |    421 |      0 |      0 |    153 |   1 |  421.0 |
               +--------+--------+--------+--------+--------+-----+--------+

Top non-repeatable levels by time:
     D:2: 826 daAuts
     D:1: 577 daAuts
 Ossuary: 421 daAuts
     D:4: 16 daAuts
